 Dungeon Crawl Stone Soup version 0.30-a0-930-gb9d0489357 (webtiles) character file.

Game seed: 1154479923483767203

23887 jasper the Summoner (level 12, -5/101 HPs)
             Began as a Demonspawn Summoner on Mar 23, 2023.
             Was a High Priest of Cheibriados.
             Slain by a seven-headed hydra (12 damage)
             ... on level 2 of the Lair of Beasts.
             The game lasted 00:31:24 (13872 turns).

jasper the Summoner (Demonspawn Summoner)          Turns: 13872, Time: 00:31:24

Health: -5/101     AC:  8    Str: 20    XL:     12   Next: 75%
Magic:  8/19       EV: 20    Int: 33    God:    Cheibriados [*****.]
Gold:   634        SH:  5    Dex: 30    Spells: 8/21 levels left

rFire   . . .      SeeInvis .      - Unarmed
rCold   + . .      Faith    .    (no shield)
rNeg    . . .      Spirit   .    a - +0 robe
rPois   +          Reflect  +    u - +1 helmet
rElec   +          Rampage  .    G - +0 cloak
rCorr   .                        (gloves unavailable)
Will    .....                    k - +0 pair of boots
Stlth   +++                      O - amulet of reflection
HPRegen 0.36/turn                n - +6 ring of dexterity
MPRegen 0.32/turn                x - ring "Caproon" {*Slow Fly rElec rPois rC+}

@: about to teleport, flying, very slow
A: rugged brown scales 2, magic regeneration, demonic magic 2, demonic touch 3
a: Renounce Religion, Bend Time, Temporal Distortion, Slouch, Step From Time


You were on level 2 of the Lair of Beasts.
You worshipped Cheibriados.
Cheibriados was extremely pleased with you.
You visited 3 branches of the dungeon, and saw 14 of its levels.

You collected 652 gold pieces.
You spent 18 gold pieces at shops.

Inventory:

Hand Weapons
 d - a +0 dagger
 i - a +3 short sword of protection
 l - a +0 spear
 B - the +6 sling of Allethryo {flame, rElec rN+ Str-3 Dex+4}
   (You found it on level 8 of the Dungeon)

   Str:       It affects your strength (-3).
   Dex:       It affects your dexterity (+4).
   rElec:     It insulates you from electricity.
   rN:        It protects you from negative energy.
Missiles
 e - 99 stones
 q - 6 boomerangs
 v - a throwing net
 L - 3 curare-tipped darts
 M - 5 boomerangs of dispersal
Armour
 a - a +0 robe (worn)
 c - a +0 pair of gloves
 k - a +0 pair of boots (worn)
 u - a +1 helmet (worn)
 G - a +0 cloak (worn)
Magical Staves
 y - the staff of fire "Wiapt" {rF+ Dex+2}
   (You found it on level 5 of the Dungeon)

   [staff of fire]

   Base accuracy: +5 Base damage: 5 Base attack delay: 1.2 This weapon's minimum
   attack delay (0.6) is reached at skill level 12.
   Dex:       It affects your dexterity (+2).
   rF:        It protects you from fire.
   It falls into the 'Staves' category.
   It is a one-handed weapon.
Jewellery
 n - a +6 ring of dexterity (left hand)
 o - a ring of ice
 t - an amulet of the acrobat
 x - the ring "Caproon" (right hand) {*Slow Fly rElec rPois rC+}
   (You found it on level 4 of the Dungeon)

   [ring of protection from cold]

   rC:        It protects you from cold.
   rElec:     It insulates you from electricity.
   rPois:     It protects you from poison.
   Fly:       It grants you flight.
   *Slow:     It may slow you when you take damage.
 O - an amulet of reflection (around neck)
Wands
 j - a wand of roots (18)
 N - a wand of paralysis (5)
Scrolls
 m - 6 scrolls of teleportation
 s - a scroll of immolation
 C - 2 scrolls of enchant armour
 H - 4 scrolls of amnesia
 I - 2 scrolls of enchant weapon
 J - a scroll of identify
 K - a scroll of fear {unknown}
Potions
 b - 2 potions of magic
 f - 3 potions of lignification
 g - 4 potions of haste
 p - 4 potions of mutation
 r - 5 potions of curing
 w - 2 potions of degeneration
 z - 2 potions of might
 A - a potion of flight
 D - 2 potions of brilliance
 E - 2 potions of berserk rage
 F - a potion of resistance


   Skills:
 + Level 9.7 Fighting
 + Level 7.5 Dodging
 - Level 1.7 Stealth
 + Level 7.2 Unarmed Combat
 - Level 5.0 Spellcasting
 - Level 2.0 Hexes
 * Level 14.2 Summonings
 - Level 2.0 Transmutations
 - Level 3.0 Air Magic
 - Level 2.0 Earth Magic
 - Level 4.4 Invocations


You had 8 spell levels left.
You knew the following spells:

 Your Spells              Type           Power      Damage    Failure   Level
a - Summon Small Mammal   Summ           100%       N/A       0%          1
b - Summon Guardian Gole  Hex/Summ       58%        N/A       1%          3
c - Call Canine Familiar  Summ           80%        N/A       1%          3
d - Summon Lightning Spi  Summ/Air       60%        N/A       1%          4
e - Passwall              Tmut/Erth      17%        N/A       3%          2

Your spell library contained the following spells:

 Spells                   Type           Power      Damage    Failure   Level
 Slow                     Hex            84%        N/A       1%          1
 Call Imp                 Summ           80%        N/A       1%          2
 Ensorcelled Hibernation  Hex/Ice        28%        N/A       4%          2
 Swiftness                Air            28%        N/A       4%          3
 Confusing Touch          Hex            21%        N/A       6%          3
 Vampiric Draining        Necr           8%         2d6       14%         3


Dungeon Overview and Level Annotations

Branches:
Dungeon (11/15)            Temple (1/1) D:5            Lair (2/5) D:8
    Orc (0/2) D:11
  Swamp: Lair:2-3    Shoals: Lair:2-3     Snake: Lair:2-3    Spider: Lair:2-3

Altars:
Ashenzari
Cheibriados
Dithmenos
Fedhas
Gozag
Hepliaklqana
Kikubaaqudgha
Makhleb
Nemelex Xobeh
Okawaru
Qazlal
Ru
Sif Muna
Trog
Uskayaw
Vehumet
Wu Jian
Xom
Yredelemnul

Shops:
D:1 *   D:6 [   D:9 (

Annotations:
D:11 Josephine
Lair:1 1 runed translucent door


Innate Abilities, Weirdness & Mutations

You are mostly covered in rugged brown scales. (AC +2, +5% HP)
You regenerate magic rapidly.
Spells you cast may paralyse nearby enemies.
Your touch may irresistibly damage your foes and sap their willpower.


Message History

The bullfrog is no longer paralysed.
The elephant tramples your guardian golem.
Your guardian golem stumbles backwards!
You punch the bullfrog! x2
You kill the bullfrog!
Cheibriados thoroughly appreciates the change of pace.
The elephant tramples your guardian golem.
Your guardian golem stumbles backwards!
Your warg barely misses the elephant.
Your warg bites the elephant but does no damage.
The elephant tramples your guardian golem!
Your guardian golem stumbles backwards!
Your guardian golem overheats!
The basilisk gazes at you. You resist with some effort.
The elephant tramples your guardian golem but does no damage.
The elephant trunk-slaps your guardian golem but does no damage.
You see here a bullfrog corpse.
Your warg barely misses the elephant.
Your warg bites the elephant but does no damage.
The elephant tramples your warg.
Your warg holds its ground!
Flame seeps out of your guardian golem.
The elephant trunk-slaps your warg but does no damage.
Your warg runs in silly circles!
Your warg bites the elephant!
The elephant closely misses your warg. x2
Okay, then.
As you read the scroll of teleportation, it crumbles to dust.
You feel strangely unstable.
The sentinel's mark upon you fades away.
Your warg bites the elephant but does no damage.
Your guardian golem is engulfed in blazing flames.
Flame seeps out of your guardian golem. The elephant closely misses your warg.
The elephant barely misses your warg.
You feel better.
Your warg bites the elephant.
The seven-headed hydra bites you.
* * * LOW HITPOINT WARNING * * *
The seven-headed hydra bites you!
* * * LOW HITPOINT WARNING * * *
You block the seven-headed hydra's attack.
The seven-headed hydra bites you!
You die...

# .# #
#.#####.##.####
####...†.†.......##
...D......$......P#
.###...9<..†...hY9
#....†.........#
#....8.......8.#
#............l.#
##...........D@#
###.##..##.####
####..#### ##P#.##
#P...P ##.#.######
####..Y......#
#............#
...#.........##


You could see a seven-headed hydra, an elephant (distracted, ally target), a
basilisk, a friendly guardian golem (summoned, inner flame), a friendly warg
(summoned, sheltered) and a friendly lightning spire (summoned, sheltered).

Vanquished Creatures
  A hydra (Lair:1)
  Erica (D:10)
  A manticore (D:11)
  2 elephants (Lair:1)
  A black mamba (Lair:2)
  2 cane toads
  A kobold demonologist (D:10)
  A rime drake (Lair:2)
  A komodo dragon (Lair:1)
  A hornet (D:8)
  Grinder (D:3)
  A yak (D:9)
  A shadow (D:9)
  A steam dragon (D:9)
  2 vampire mosquitoes (D:11)
  A sky beast (D:7)
  An ice beast (D:5)
  3 wolves
  Blork the orc (D:5)
  4 bullfrogs
  2 scorpions
  3 wights
  A nameless horror (D:6)
  A gnoll bouda (D:6)
  3 iron imps (D:6)
  An iguana (D:5)
  6 orc wizards
  4 gnolls
  5 adders
  2 white imps
  An ufetubus (D:6)
  A worm (D:5)
  A dart slug (D:3)
  14 orcs
  4 bats
  2 endoplasms (D:1)
  2 giant cockroaches
  4 goblins
  4 hobgoblins
  A jackal (D:3)
  7 kobolds
  4 quokkas
  2 ball pythons
  3 frilled lizards
  5 rats
111 creatures vanquished.

Vanquished Creatures (collateral kills)
  A hydra (D:9)
  2 two-headed ogres
  Sonja (D:10)
  Joseph (D:8)
  7 elephants
  A black mamba (Lair:2)
  4 cane toads (Lair:1)
  A kobold demonologist (D:10)
  3 komodo dragons
  9 blink frogs (Lair:1)
  A shadow (D:10)
  A wraith (D:9)
  A steam dragon (D:8)
  6 yaks (D:11)
  A vampire mosquito (D:11)
  An acid dragon (D:8)
  3 water moccasins
  An ice beast (D:8)
  3 orc warriors
  2 black bears
  A sky beast (D:7)
  3 ogres
  4 wolves
  3 centaurs
  A phantom (D:7)
  3 kobold brigands
  8 bullfrogs
  2 gnoll sergeants
  3 wights
  Dowan (D:7)
  4 killer bees (D:8)
  2 electric eels (D:11)
  5 howler monkeys
  2 jellies
  7 orc priests
  4 hounds
  A gnoll bouda (D:5)
  2 iguanas
  A sleepcap (D:7)
  9 orc wizards
  Robin (D:3)
  15 gnolls
  6 adders
  A shadow imp (D:7)
  An ufetubus (D:4)
  A worm (D:4)
  3 dart slugs
  27 orcs
  3 endoplasms
  A giant cockroach (D:1)
  13 goblins
  10 hobgoblins
  2 jackals (D:3)
  2 quokkas
  4 ball pythons
  A frilled lizard (D:3)
  11 kobolds
  2 rats (D:3)
220 creatures vanquished.

Vanquished Creatures (others)
  Urug (Lair:2)
  A skeletal warrior (D:9)
  An ugly thing (D:10)
  A blink frog (Lair:1)
  3 yaks (D:9)
  Duvessa (D:7)
  An orc warrior (D:11)
  An orc (D:11)
  5 fungi
  47 plants
62 creatures vanquished.

Grand Total: 393 creatures vanquished

Notes
Turn   | Place    | Note
-------+----------+-------------------------------------------
     0 | D:1      | jasper the Demonspawn Summoner began the quest for the Orb.
     0 | D:1      | Reached XP level 1. HP: 13/13 MP: 3/3
   274 | D:1      | Gained mutation: Spells you cast may paralyse adjacent
                  | enemies. [demonic ancestry]
   274 | D:1      | Reached XP level 2. HP: 20/20 MP: 0/5
   719 | D:1      | Learned a level 2 spell: Call Imp
   721 | D:1      | Found a faded altar of an unknown god.
   797 | D:1      | Found Gycwas's Assorted Antiques.
   850 | D:1      | Bought a scroll labelled LANEFO XAMIDD for 18 gold pieces
   872 | D:1      | Reached skill level 1 in Fighting
  1036 | D:1      | Gained mutation: Your touch may inflict minor irresistible
                  | damage on your foes. [demonic ancestry]
  1036 | D:1      | Reached XP level 3. HP: 26/26 MP: 6/6
  1040 | D:1      | Learned a level 3 spell: Call Canine Familiar
  1800 | D:2      | Gained mutation: Your touch may inflict irresistible damage
                  | on your foes. [demonic ancestry]
  1800 | D:2      | Reached XP level 4. HP: 32/32 MP: 3/7
  2090 | D:3      | Reached skill level 5 in Summonings
  2711 | D:3      | Noticed Grinder
  2719 | D:3      | Paralysed by Grinder for 2 turns
  2749 | D:3      | Paralysed by Grinder for 3 turns
  2754 | D:3      | Killed Grinder
  2755 | D:3      | Reached skill level 6 in Summonings
  2755 | D:3      | Gained mutation: You are partially covered in rugged brown
                  | scales. (AC +1, +3% HP) [demonic ancestry]
  2755 | D:3      | Reached XP level 5. HP: 25/41 MP: 3/10
  2755 | D:3      | Gained mutation: Spells you cast may paralyse nearby
                  | enemies. [demonic ancestry]
  2755 | D:3      | Reached XP level 6. HP: 29/47 MP: 3/11
  2760 | D:3      | Learned a level 4 spell: Summon Lightning Spire
  3127 | D:3      | Found a bloodstained altar of Trog.
  3196 | D:3      | Noticed Robin
  3212 | D:3      | Killed Robin
  3968 | D:4      | Identified the ring "Caproon" {*Slow Fly rElec rPois rC+}
  3995 | D:4      | Reached skill level 1 in Air Magic
  4017 | D:4      | Reached XP level 7. HP: 53/53 MP: 1/12
  4597 | D:5      | Entered Level 5 of the Dungeon
  4750 | D:5      | Found a staircase to the Ecumenical Temple.
  4759 | Temple   | Entered the Ecumenical Temple
  5068 | D:5      | Noticed Blork the orc
  5094 | D:5      | Killed Blork the orc
  5095 | D:5      | Reached skill level 7 in Summonings
  5220 | D:5      | Identified the staff of fire "Wiapt" {rF+ Dex+2}
  5445 | D:5      | Gained mutation: You are mostly covered in rugged brown
                  | scales. (AC +2, +5% HP) [demonic ancestry]
  5445 | D:5      | Reached XP level 8. HP: 55/63 MP: 10/14
  6054 | D:5      | Learned a level 3 spell: Summon Guardian Golem
  6057 | D:5      | Learned a level 2 spell: Passwall
  6415 | D:6      | Found Unkol's Armour Emporium.
  6434 | D:6      | Reached skill level 8 in Summonings
  6506 | D:6      | Reached skill level 5 in Spellcasting
  6725 | D:6      | Reached skill level 5 in Fighting
  6725 | D:6      | Reached skill level 1 in Hexes
  7344 | D:6      | Found a burning altar of Makhleb.
  7380 | D:6      | Gained mutation: Your touch may irresistibly damage your
                  | foes and sap their willpower. [demonic ancestry]
  7380 | D:6      | Reached XP level 9. HP: 71/71 MP: 6/16
  7393 | D:6      | Reached skill level 9 in Summonings
  7587 | D:6      | Reached skill level 1 in Transmutations
  7587 | D:6      | Reached skill level 1 in Earth Magic
  7966 | D:7      | Reached skill level 1 in Unarmed Combat
  8136 | D:7      | Noticed Dowan
  8143 | D:7      | Killed Dowan
  8147 | D:7      | Noticed Duvessa
  8153 | D:7      | Killed Duvessa
  8158 | D:7      | Noticed a two-headed ogre
  8166 | D:7      | Killed a two-headed ogre
  8167 | D:7      | Reached skill level 10 in Summonings
  8334 | D:7      | You are sucked into a shaft and drop 3 floors!
  8334 | D:10     | Entered Level 10 of the Dungeon
  8334 | D:10     | Found a broken altar of Ashenzari.
  8445 | D:10     | Gained mutation: You regenerate magic rapidly. [demonic
                  | ancestry]
  8445 | D:10     | Reached XP level 10. HP: 80/80 MP: 14/17
  8507 | D:10     | Noticed a white ugly thing
  8529 | D:10     | Killed a white ugly thing
  8782 | D:9      | Found a snail-covered altar of Cheibriados.
  8782 | D:9      | Found an ornate altar of the Wu Jian Council.
  8790 | D:9      | Became a worshipper of Cheibriados the Contemplative
  9128 | D:8      | Identified the +6 sling of Allethryo {flame, rElec rN+
                  | Str-3 Dex+4}
  9167 | D:8      | Noticed Joseph
  9171 | D:8      | Reached skill level 1 in Invocations
  9182 | D:8      | Killed Joseph
  9834 | D:8      | Reached * piety under Cheibriados
  9908 | D:8      | Found a staircase to the Lair.
  9930 | D:8      | Reached skill level 11 in Summonings
 10373 | D:9      | Found Qyr Poown's Antique Weapon Shoppe.
 10398 | D:9      | Noticed a skeletal warrior
 10406 | D:9      | Noticed a five-headed hydra
 10412 | D:9      | Killed a five-headed hydra
 10414 | D:9      | Killed a skeletal warrior
 10415 | D:9      | Reached XP level 11. HP: 88/88 MP: 8/18
 10428 | D:9      | Reached skill level 5 in Dodging
 10817 | D:9      | Noticed a two-headed ogre
 10829 | D:9      | Killed a two-headed ogre
 10829 | D:9      | Reached ** piety under Cheibriados
 11288 | D:10     | Noticed Erica
 11299 | D:10     | Killed Erica
 11300 | D:10     | Reached skill level 5 in Unarmed Combat
 11300 | D:10     | Reached skill level 12 in Summonings
 11776 | D:10     | Noticed Sonja
 11789 | D:10     | Killed Sonja
 12167 | D:11     | Found a staircase to the Orcish Mines.
 12188 | D:11     | Reached *** piety under Cheibriados
 12206 | D:11     | Noticed Josephine
 12460 | Lair:1   | Entered Level 1 of the Lair of Beasts
 12466 | Lair:1   | Found a runed translucent door.
 12705 | Lair:1   | Noticed a five-headed hydra
 12716 | Lair:1   | Reached **** piety under Cheibriados
 12717 | Lair:1   | Reached skill level 13 in Summonings
 12717 | Lair:1   | Reached XP level 12. HP: 57/98 MP: 14/19
 12717 | Lair:1   | Killed a five-headed hydra
 13080 | Lair:1   | You are sucked into a shaft and drop 1 floor!
 13080 | Lair:2   | Noticed Urug
 13088 | Lair:2   | Killed Urug
 13853 | Lair:2   | Reached skill level 14 in Summonings
 13858 | Lair:2   | Reached ***** piety under Cheibriados
 13859 | Lair:2   | Noticed a seven-headed hydra
 13872 | Lair:2   | Slain by a seven-headed hydra

Illustrated notes

Levels and vault maps discovered:
D:1:      psy_arrival_conway, layout_loops_corners, serial_shops,
          nicolae_shop_advertising_works [nicolae_subvault_shop_adworks],
          hellmonk_ecumenical_altar_arch_garden
D:2:      layout_rooms
D:3:      layout_loops_ring, lemuel_coloured_pillars_altar, uniq_robin,
          uniq_grinder
D:4:      layout_basic
D:5:      layout_loops_ring, minmay_temple_entry_wispy, hex_medium,
          nicolae_zen_rock_garden, minmay_strange_pillars,
          hangedman_minor_gate_pass, uniq_blork_the_orc
D:6:      layout_basic, demons_altar, serial_shops, shop_statue,
          skrybe_limestone_x, patterned_corridor
D:7:      layout_rooms, serial_bayou_pond_e, uniq_duvessa
D:8:      layout_rooms, david_lair_shrubbed, uniq_joseph
D:9:      layout_stronghold, gammafunk_temple_overflow_pools, serial_shops,
          kennysheep_mini_moat, chequers_serial_rivers_micro_a, minmay_bent
D:10:     layout_loops_ring, nicolae_ashenzari_panopticon, uniq_erica,
          uniq_sonja
D:11:     layout_basic, minmay_orc_entry_temple_large, uniq_grum, uniq_erolcha,
          uniq_josephine
Temple:   nicolae_temple_bog_church
Lair:1:   dreamdust_labyrinth, layout_loops_ring
Lair:2:   layout_roguey, nicolae_swamp_entry_spooky, uniq_urug

Skill      XL: |  1  2  3  4  5  6  7  8  9 10 11 12 |
---------------+-------------------------------------+-----
Fighting       | 1 2 3 4 5 6 7 8 9 |  9.7
Summonings     | 6 7 8 10 11 13 14 | 14.2
Spellcasting   | 3 4 5 |  5.0
Air Magic      | 1 2 3 |  3.0
Hexes          | 1 2 |  2.0
Transmutations | 2 |  2.0
Earth Magic    | 2 |  2.0
Dodging        | 3 4 6 7 |  7.5
Unarmed Combat | 2 4 6 7 |  7.2
Invocations    | 4 |  4.4
Stealth        | |  1.7

Action                     |  1- 3 |  4- 6 |  7- 9 | 10-12 || total
---------------------------+-------+-------+-------+-------++-------
  Melee: Unarmed           |     5 |       |    22 |   145 ||   172
         Dagger            |     6 |       |       |       ||     6
         Short sword       |    51 |    52 |   105 |       ||   208
         Touch             |     8 |    10 |    23 |    42 ||    83
         Punch             |     1 |     1 |     2 |    12 ||    16
  Throw: Boomerang         |       |     3 |       |       ||     3
   Cast: Summon Small Mamm |    19 |       |       |       ||    19
         Call Imp          |    14 |       |       |       ||    14
         Call Canine Famil |       |    32 |    48 |    55 ||   135
         Summon Lightning  |       |       |    14 |    21 ||    35
         Summon Guardian G |       |       |     5 |    20 ||    25
  Evoke: Wand              |       |       |       |     4 ||     4
    Use: Scroll            |     5 |       |    10 |     8 ||    23
         Potion            |       |     1 |       |     1 ||     2
   Stab: Sleeping          |     3 |     2 |       |     1 ||     6
         Paralysed         |     2 |     1 |     9 |     6 ||    18
         Invisible         |       |     1 |       |       ||     1
         Distracted        |       |       |     3 |     7 ||    10
 Armour: Robe              |    21 |    20 |    45 |    41 ||   127
  Dodge: Dodged            |    43 |    23 |    67 |   176 ||   309
  Block: Other             |       |       |       |    14 ||    14

Table legend: (Time is in decaauts)
 A = Elapsed time spent in this place.
 B = Non-inter-level travel time spent in this place.
 C = Inter-level travel time spent in this place.
 D = Time resting spent in this place.
 E = Time spent auto-exploring this place.
 F = Levels seen in this place.
 G = Mean time per level.
                   A        B        C        D        E       F      G
               +--------+--------+--------+--------+--------+-----+--------+
         Total |  15319 |  14563 |    756 |   1002 |  10597 |  14 | 1094.2 |
       Dungeon |  13264 |  12569 |    695 |    947 |   9017 |  11 | 1205.8 |
        Temple |    159 |    138 |     21 |      0 |    124 |   1 |  159.0 |
          Lair |   1895 |   1856 |     39 |     55 |   1456 |   2 |  947.5 |
               +--------+--------+--------+--------+--------+-----+--------+

Top non-repeatable levels by time:
  Lair:1: 1794 daAuts
     D:6: 1765 daAuts
    D:10: 1584 daAuts
     D:9: 1516 daAuts
     D:1: 1441 daAuts
     D:4: 1408 daAuts
     D:5: 1260 daAuts
     D:3: 1247 daAuts
     D:8: 1010 daAuts
     D:7: 980 daAuts
     D:2: 570 daAuts
    D:11: 479 daAuts
  Temple: 159 daAuts
  Lair:2: 101 daAuts
